 Dungeon Crawl Stone Soup version 0.29.1-15-g9cfb28693d (webtiles) character file.

Game seed: 13378515576122978884

79 Hugehornet the Covered (level 4, -2/28 HPs)
             Began as a Gargoyle Fighter on Mar 22, 2023.
             Killed from afar by an orc wizard (9 damage)
             ... with a magic dart
             ... on level 3 of the Dungeon.
             The game lasted 00:02:56 (1926 turns).

Hugehornet the Covered (Gargoyle Fighter)           Turns: 1926, Time: 00:02:57

Health: -2/28      AC: 12    Str: 20    XL:     4   Next: 38%
Magic:  4/4        EV:  9    Int: 10    God:
Gold:   122        SH:  4    Dex:  9    Spells: 3/3 levels left

rFire   . . .      SeeInvis .   a - +0 war axe
rCold   . . .      Faith    .   c - +0 buckler
rNeg    + . .      Spirit   .   b - +0 scale mail
rPois   ∞          Reflect  .   (no helmet)
rElec   +          Harm     .   (no cloak)
rCorr   .          Rampage  .   (no gloves)
Will    .....                   o - +0 pair of boots
Stlth   ..........              (no amulet)
HPRegen 0.09/turn               (no ring)
MPRegen 0.09/turn               (no ring)

@: no status effects
A: sickness immunity, AC +3, negative energy resistance 1, electricity
resistance, torment resistance 1, petrification resistance
a: no special abilities


You were on level 3 of the Dungeon.
You visited 1 branch of the dungeon, and saw 3 of its levels.

You collected 122 gold pieces.

Inventory:

Hand Weapons
 a - a +0 war axe (weapon)
 q - a +0 flail
Armour
 b - a +0 scale mail (worn)
 c - a +0 buckler (worn)
 o - a +0 pair of boots (worn)
Scrolls
 e - a scroll of amnesia {unknown}
 f - 4 scrolls of identify {unknown}
 g - a scroll of fear {unknown}
 h - 2 scrolls of fog {unknown}
 l - a scroll of teleportation {unknown}
 n - a scroll of magic mapping {unknown}
Potions
 d - a potion of might
 i - a potion of cancellation {unknown}
 j - a potion of invisibility {unknown}
 k - a potion of mutation {unknown}
 m - a potion of curing {unknown}
 p - a potion of heal wounds {unknown}


   Skills:
 - Level 3.2 Fighting
 - Level 1.7 Axes
 * Level 5.6 Armour
 - Level 3.2 Shields


You had 3 spell levels left.
You didn't know any spells.
Your spell library was empty.

Dungeon Overview and Level Annotations

Branches:
Dungeon (3/15)

Altars:


Innate Abilities, Weirdness & Mutations

You are immune to sickness and miasma.
Your stone body is resilient. (AC +3)
You are immune to poison.
You resist negative energy. (rN+)
You are resistant to electric shocks. (rElec)
You are resistant to unholy torment.
You are immune to petrification.


Message History

The orc wizard is moderately wounded.
An orc wizard comes into view.
It is wielding a +1 dagger of electrocution.
The orc wizard hits you but does no damage.
The orc wizard shouts!
You hit the orc wizard.
The orc wizard is moderately wounded.
The orc wizard completely misses you.
You hit the orc wizard.
The orc wizard is severely wounded.
You hit the orc wizard. The orc wizard barely misses you.
You block the orc wizard's attack.
You hit the orc wizard but do no damage.
The orc wizard is severely wounded.
You miss the orc wizard. The orc wizard closely misses you.
The orc wizard hits you but does no damage.
The orc wizard gestures at you while chanting.
You resist with some effort. The orc wizard completely misses you.
You closely miss the orc wizard.
The orc wizard is severely wounded.
You hit the orc wizard.
The orc wizard hits you but does no damage. x2
You hit the orc wizard but do no damage.
The orc wizard is severely wounded.
You hit the orc wizard.
The orc wizard hits you with a +1 dagger of electrocution.
You block the orc wizard's attack.
You hit the orc wizard.
The orc wizard is almost dead.
You closely miss the orc wizard.
The orc wizard hits you but does no damage.
The orc wizard barely misses you.
The orc wizard hits you but does no damage.
The orc wizard hits you with a +1 dagger of protection.
* * * LOW HITPOINT WARNING * * *
You closely miss the orc wizard.
The orc wizard is almost dead.
You hit the orc wizard. The orc wizard closely misses you.
The orc wizard gestures at you while chanting.
The magic dart hits you!
You die...

## . ## .## .. ..#
#.###.# ....# #o.#
#@o# #).# #..#
#.##..############
#.....##.........#
#####.##.........#
#.##.........#
#.##.........#
#.##.........##.#


You could see 2 orc wizards.

Vanquished Creatures
  A gnoll (D:1)
  2 adders (D:2)
  A worm (D:2)
  A dart slug (D:1)
  3 orcs (D:3)
  2 endoplasms (D:1)
  2 giant cockroaches
  2 goblins
  4 hobgoblins
  3 jackals (D:1)
  4 quokkas
  6 ball pythons
  7 bats
  2 frilled lizards
  A kobold (D:2)
  A rat (D:1)
42 creatures vanquished.

Vanquished Creatures (others)
  4 plants (D:2)
4 creatures vanquished.

Grand Total: 46 creatures vanquished

Notes
Turn   | Place    | Note
-------+----------+-------------------------------------------
     0 | D:1      | Hugehornet the Gargoyle Fighter began the quest for the
                  | Orb.
     0 | D:1      | Reached XP level 1. HP: 14/14 MP: 1/1
   247 | D:1      | Reached skill level 4 in Armour
   247 | D:1      | Reached XP level 2. HP: 10/19 MP: 2/2
   618 | D:1      | Reached XP level 3. HP: 15/23 MP: 3/3
  1002 | D:1      | Found a faded altar of an unknown god.
  1269 | D:2      | Reached skill level 5 in Armour
  1500 | D:2      | Reached XP level 4. HP: 28/28 MP: 4/4
  1926 | D:3      | Killed from afar by an orc wizard

Illustrated notes

Levels and vault maps discovered:
D:1:      dpeg_arrival_refuge, layout_basic, basic_ecumenical_altar
D:2:      layout_loops_cross, serial_bayou_lagoon_b
D:3:      layout_basic, portal_sewer_entry_f, uniq_ijyb

Skill      XL: |  1  2  3 |
---------------+----------+-----
Armour         | 4 5 |  5.6
Fighting       | |  3.2
Axes           | |  1.7
Shields        | |  3.2

Action                   |  1- 3 |  4- 6 || total
-------------------------+-------+-------++-------
Melee: War axe           |    89 |    31 ||   120
Armor: Scale mail        |    72 |    18 ||    90
Dodge: Dodged            |    56 |    16 ||    72
Block: Buckler           |    16 |     7 ||    23
